 Dungeon Crawl Stone Soup version 0.29.1-15-g9cfb28693d (webtiles) character file.

Game seed: 17660876188647576546

1330 croobank the Covert (level 8, -1/56 HPs)
             Began as an Octopode Delver on Mar 12, 2023.
             Was an Initiate of Gozag.
             Slain by a two-headed ogre
             ... wielding a +0 giant club
              (32 damage)
             ... on level 5 of the Dungeon.
             The game lasted 00:17:33 (6475 turns).

croobank the Covert (Octopode Delver)               Turns: 6475, Time: 00:17:34

Health: -1/56      AC:  1    Str: 15    XL:     8   Next: 60%
Magic:  11/11      EV: 14    Int: 18    God:    Gozag
Gold:   698        SH:  5    Dex: 12    Spells: 8/11 levels left

rFire   + . .      SeeInvis .   a - +2 war axe
rCold   + . .      Faith    .   (no shield)
rNeg    . . .      Spirit   .   (helmet restricted)
rPois   .          Reflect  +   o - amulet "Earthly Heaven" {Reflect rF+ Str+4 SH+5}
rElec   .          Harm     .   e - ring of flight
rCorr   .          Rampage  .   y - ring of willpower
Will    +....                   (no ring)
Stlth   +++++.....              (no ring)
HPRegen 0.18/turn               (no ring)
MPRegen 0.12/turn               (no ring)
                                (no ring)
                                (no ring)

@: flying
A: almost no armour, amphibious, 8 rings, camouflage 1, gelatinous body 1,
(nimble swimmer 1), tentacles, fangs 1, clever 1, cold resistance 1
a: Renounce Religion, Potion Petition, Call Merchant, Bribe Branch


You were on level 5 of the Dungeon.
You worshipped Gozag.
Gozag was pleased with you.
You visited 2 branches of the dungeon, and saw 7 of its levels.
You also visited: Sewer.

You collected 756 gold pieces.
You paid 58 gold pieces to Gozag.

Inventory:

Hand Weapons
 a - a +2 war axe (weapon)
 b - a +0 sling
 j - a +0 dagger
 k - a +0 short sword
 l - a +1 rapier of draining
 n - a +0 spear of flaming
Missiles
 d - 3 curare-tipped darts (quivered)
 s - 7 poisoned darts
 v - 4 silver javelins
 A - a throwing net
Magical Staves
 m - a staff of air
Jewellery
 e - a ring of flight (left tentacle)
 o - the amulet "Earthly Heaven" (around mantle) {Reflect rF+ Str+4 SH+5}
   (You found it on level 3 of the Dungeon)

   [amulet of reflection]

   It reflects blocked missile attacks.
   Str:       It affects your strength (+4).
   rF:        It protects you from fire.
   SH:        It affects your SH (+5).
 y - a ring of willpower (right tentacle)
Wands
 f - a wand of digging (3)
Scrolls
 c - 2 scrolls of fear
 g - a scroll of immolation
 h - 3 scrolls of teleportation
 p - a scroll of poison
 t - 4 scrolls of fog
 x - 2 scrolls of magic mapping
Potions
 q - 3 potions of heal wounds
 r - a potion of berserk rage
 w - a potion of curing


   Skills:
 + Level 5.6 Fighting
 + Level 5.0 Axes
 + Level 5.0 Dodging
 + Level 9.5 Stealth
 + Level 2.1 Spellcasting
 + Level 2.1 Fire Magic


You had 8 spell levels left.
You knew the following spells:

 Your Spells              Type           Power      Damage    Failure   Level
a - Foxfire               Conj/Fire      20%        2x1d5     12%         1
b - Scorch                Fire           18%        2d6       11%         2

Your spell library contained the following spells:

 Spells                   Type           Power      Damage    Failure   Level
 Sandblast                Erth           2%         2d4       19%         1
 Sting                    Tmut/Pois      4%         1d3       19%         1
 Summon Small Mammal      Summ           4%         N/A       19%         1
 Passwall                 Tmut/Erth      0%         N/A       26%         2
 Call Canine Familiar     Summ           1%         N/A       47%         3
 Portal Projectile        Hex/Tloc       2%         N/A       47%         3
 Stone Arrow              Conj/Erth      2%         3d7       47%         3
 Flame Wave               Conj/Fire      5%         2d5       75%         4
 Leda's Liquefaction      Hex/Erth       0%         N/A       87%         4
 Summon Cactus Giant      Summ           0%         N/A       100%        6


Dungeon Overview and Level Annotations

Branches:
Dungeon (6/15)             Temple (1/1) D:4           Sewer (visited)

Altars:
Cheibriados
Elyvilon
Fedhas
Gozag
Hepliaklqana
Makhleb
Nemelex Xobeh
Okawaru
Ru
Trog
Uskayaw
Wu Jian
Xom
Yredelemnul
The Shining One

Annotations:
D:2 Sigmund
D:5 Grinder


Innate Abilities, Weirdness & Mutations

You cannot wear most types of armour.
You are amphibious.
You can wear up to eight rings at the same time.
Your skin changes colour to match your surroundings (Stealth+).
Your rubbery body absorbs attacks. (AC +1, EV +1)
((You are camouflaged when in or above water. (Stealth+)))
You have tentacles for arms and can constrict up to eight enemies at once.
You have very sharp teeth.
Your mind is acute. (Int +4, Str/Dex -1)
Your flesh is cold resistant. (rC+)


Message History

You hit the adder. Your grab misses the adder. Your bite misses the adder.
The adder is heavily wounded.
The adder barely misses you. The adder bites you.
You slash the adder!
You kill the adder!
No target in view!
You now have 698 gold pieces (gained 8).
i - a scroll of enchant weapon
As you read the scroll of enchant weapon, it crumbles to dust.
Your +1 war axe glows red for a moment.
HP restored.
You reach down and open the large door.
There is a large open door here.
A centaur and a two-headed ogre come into view.
You see here a clear potion.
Throw: 4 darts (curare)
Press: ? - help, Q - select action, (/) - cycle Shift-Dir - straight line, f - two-headed ogre
Aim: a two-headed ogre, wielding two +0 giant clubs (asleep, 98% to hit)
You throw a curare-tipped dart.
The curare-tipped dart hits the two-headed ogre.
The two-headed ogre is poisoned.
The two-headed ogre convulses.
The two-headed ogre seems to slow down.
The two-headed ogre shouts in stereo!
The two-headed ogre is lightly wounded.
The centaur shouts!
You slash the two-headed ogre!
The two-headed ogre is moderately wounded.
The two-headed ogre hits you with a +0 giant club!!
The two-headed ogre misses you.
You slash the two-headed ogre!
You bite the two-headed ogre, but do no damage.
The two-headed ogre is heavily wounded.
You hit the two-headed ogre. You squeeze the two-headed ogre.
The two-headed ogre is severely wounded.
The centaur barely misses you. The centaur closely misses you.
You block the two-headed ogre's attack.
The two-headed ogre hits you with a +0 giant club!!
Ouch! That really hurt!
You die...
Your body crumbles into a pile of gold.

..##...(....#.........#
......................#
.###......<####''####..#
#......##~~~..~~~##.>#
##.#..##~~~~..~~~~##..#
#...##~~~~~!.~~~~~##..
#..##~~~~~~..~~~~~~#
...##~~~~~~~..~~~~~~~
.##.# ~~~~~~~.@~~~~~~~
#.# ~~~~~~~cO~~~~~~~ ..#
~~~~~~....~~~~~~ .....
~~~~~~.♣♣.~~~~~~ .....
~~~~~~. .~~~~~~ .....
~~~~~.$$.~~~~~~ ...#
~~~~~~ ~~~~~~~ ... ~~~~~
~~~~~~~ .#


You could see a two-headed ogre (poisoned, slow) and a centaur.

Vanquished Creatures
  A yak (D:4)
  A wyvern (D:4)
  Pargi (Sewer)
  A black bear (D:4)
  2 ogres
  A phantom (D:4)
  A necrophage (D:4)
  A scorpion (D:3)
  A hound (D:4)
  A jelly (D:4)
  5 orc wizards (D:3)
  3 iguanas
  Robin (D:4)
  3 gnolls (D:2)
  A river rat (D:4)
  7 adders
  2 dart slugs
  11 orcs
  3 bats
  6 endoplasms
  3 giant cockroaches
  11 goblins
  11 hobgoblins
  7 jackals (D:4)
  5 quokkas
  7 ball pythons
  7 frilled lizards
  8 kobolds
  4 rats
116 creatures vanquished.

Vanquished Creatures (others)
  2 foxfires (D:4)
  5 fungi (D:2)
  3 plants (D:2)
10 creatures vanquished.

Grand Total: 126 creatures vanquished

Notes
Turn   | Place    | Note
-------+----------+-------------------------------------------
     0 | D:5      | croobank the Octopode Delver began the quest for the Orb.
     0 | D:5      | Reached XP level 1. HP: 16/16 MP: 1/1
    60 | D:6      | Noticed a jelly
    61 | D:6      | Noticed a scorpion
    97 | D:5      | Noticed an ogre
   103 | D:5      | Noticed an iguana
   104 | D:5      | Noticed an iguana
   111 | D:5      | Killed an iguana
   112 | D:5      | Reached XP level 2. HP: 7/21 MP: 2/2
   112 | D:5      | Reached XP level 3. HP: 9/26 MP: 3/3
   113 | D:5      | Got A Beginning Course on Hermeneutics
   124 | D:4      | Learned a level 1 spell: Foxfire
   230 | D:4      | Reached skill level 7 in Stealth
   503 | D:4      | Found a glowing drain.
   512 | D:4      | Reached XP level 4. HP: 7/31 MP: 4/4
   728 | Sewer    | Entered a sewer
   856 | Sewer    | Noticed Pargi
   876 | Sewer    | Killed Pargi
   877 | Sewer    | Reached XP level 5. HP: 10/37 MP: 5/5
  1394 | D:5      | Noticed Grinder
  1404 | D:4      | Noticed a wyvern
  1413 | D:4      | Killed a wyvern
  1414 | D:4      | Reached skill level 8 in Stealth
  1414 | D:4      | Reached XP level 6. HP: 17/44 MP: 6/6
  1787 | D:4      | Found a staircase to the Ecumenical Temple.
  1795 | Temple   | Entered the Ecumenical Temple
  1955 | Temple   | Became a worshipper of Gozag Ym Sagoz the Greedy
  2182 | D:3      | Noticed a +0 short sword
  2182 | D:3      | Noticed a +0 dagger
  2182 | D:3      | Noticed a +0 spear
  2183 | D:3      | Noticed a +0 falchion
  2183 | D:3      | Noticed a +0 falchion
  2183 | D:3      | Noticed a +0 spear
  2184 | D:3      | Noticed a +0 dagger
  2184 | D:3      | Noticed a +0 short sword
  2191 | D:3      | Found a hide-covered altar of Uskayaw.
  2237 | D:3      | Reached XP level 7. HP: 27/49 MP: 7/7
  2245 | D:3      | HP: 2/49 [orc/+0 short sword (1)]
  2246 | D:3      | Gained mutation: You have very sharp teeth. [potion of
                  | mutation]
  2246 | D:3      | Gained mutation: Your mind is acute. (Int +4, Str/Dex -1)
                  | [potion of mutation]
  2246 | D:3      | Gained mutation: Your flesh is cold resistant. (rC+)
                  | [potion of mutation]
  2903 | D:3      | Identified the amulet "Earthly Heaven" {Reflect rF+ Str+4
                  | SH+5}
  2908 | D:3      | Found a blossoming altar of Fedhas.
  3230 | D:2      | Learned a level 2 spell: Scorch
  3235 | D:2      | Noticed Sigmund
  4278 | D:2      | Reached skill level 5 in Fighting
  4386 | D:2      | Found a faded altar of an unknown god.
  4622 | D:2      | Identified the +4 ring mail of the Orange Skies {rC+}
  5002 | D:4      | Found a basalt altar of Yredelemnul.
  5026 | D:4      | Noticed Robin
  5032 | D:4      | Killed Robin
  5142 | D:4      | Found a white marble altar of Elyvilon.
  5340 | D:4      | Reached skill level 9 in Stealth
  5340 | D:4      | Reached skill level 1 in Spellcasting
  5340 | D:4      | Reached skill level 1 in Fire Magic
  5592 | D:4      | Reached XP level 8. HP: 39/55 MP: 9/9
  5709 | D:4      | Noticed a yak
  5721 | D:4      | Killed a yak
  6404 | D:5      | Reached skill level 5 in Axes
  6404 | D:5      | Reached skill level 5 in Dodging
  6468 | D:5      | Noticed a two-headed ogre
  6475 | D:5      | Slain by a two-headed ogre

Illustrated notes

Levels and vault maps discovered:
D:1:      dpeg_arrival_houses_and_road, layout_basic, st_stairs_1, minivault_26
D:2:      layout_rooms, shapermc_ecumenical_altar_mp_urbaneastern, uniq_sigmund
D:3:      layout_loops_cross, mainiacjoe_overflow_six_doors_small,
          nicolae_uskayaw_en_pointe
D:4:      cheibrodos_barr_body, layout_loops_cross, kennysheep_ying_yang,
          minmay_temple_entry_ruins, lightli_ossuary_entry_decrepit_ruins,
          gup_sewer_entry_bubbles, patterned_corridor, uniq_robin
D:5:      kennysheep_big_flooded_room, layout_rooms,
          nicolae_overflow_crystal_walls, mainiacjoe_overflow_paths,
          kennysheep_small_circle, uniq_grinder, uniq_ijyb
D:6:      layout_loops_ring, grunt_ministairs_2
Temple:   bh_familiar_temple

Skill      XL: |  1  2  3  4  5  6  7  8 |
---------------+-------------------------+-----
Stealth        | 7 8 9 |  9.5
Axes           | 3 4 5 |  5.0
Dodging        | 3 4 5 |  5.0
Fighting       | 4 5 |  5.6
Spellcasting   | 1 2 |  2.1
Fire Magic     | 1 2 |  2.1

Action                   |  1- 3 |  4- 6 |  7- 9 || total
-------------------------+-------+-------+-------++-------
Melee: Hand axe          |    30 |    60 |    12 ||   102
       Tentacles         |     5 |    12 |    25 ||    42
       Constrict         |     7 |    11 |    27 ||    45
       War axe           |       |       |   123 ||   123
       Bite              |       |       |    11 ||    11
       Punch             |       |       |     3 ||     3
       Dagger            |       |       |     1 ||     1
 Fire: Sling             |       |       |    37 ||    37
Throw: Dart              |       |     5 |     3 ||     8
 Cast: Foxfire           |     1 |       |       ||     1
  Use: Scroll            |     2 |       |     9 ||    11
       Potion            |       |     3 |     3 ||     6
 Stab: Sleeping          |     5 |     6 |    24 ||    35
Armor: Skin              |     1 |     2 |     4 ||     7
Dodge: Dodged            |    15 |    33 |    96 ||   144
Block: Other             |       |       |    10 ||    10
